 Dungeon Crawl Stone Soup version 0.17.0-19-gb37c632 (console) character file.

70 Kloppie the Chucker (level 3, -2/30 HPs)
             Began as a Demigod Hunter on Nov 12, 2015.
             Killed from afar by Terence (5 damage)
             ... with a wand of frost
             ... on level 2 of the Dungeon.
             The game lasted 00:03:25 (1704 turns).

Kloppie the Chucker (Demigod Hunter)                Turns: 1704, Time: 00:03:25

Health: -2/30      AC:  6    Str: 17    XL:     3   Next: 77%
Magic:  5/5        EV: 11    Int: 15    God:
Gold:   51         SH:  0    Dex: 16    Spells: 0 memorised, 2 levels left

rFire  . . .     SeeInvis .     n - +0 spear
rCold  . . .     Clarity  .     f - +0 ring mail
rNeg   . . .     SustAt   +     (no shield)
rPois  .         Gourm    .     (no helmet)
rElec  .         Spirit   .     (no cloak)
rCorr  .         Warding  .     (no gloves)
rMut   .         Stasis   .     i - +0 pair of boots
MR     .....                    (no amulet)
Stlth  +.........               (no ring)
                                (no ring)

@: not resistant to hostile enchantments, very unstealthy
A: high mp 1, sustain attributes
a: no special abilities


You were on level 2 of the Dungeon.
You were not hungry.

You visited 1 branch of the dungeon, and saw 2 of its levels.

You collected 51 gold pieces.

Inventory:

Hand Weapons
 c - a +0 short sword
 n - a +0 spear (weapon)
Missiles
 a - 5 javelins (quivered)
 b - 2 throwing nets
Armour
 d - a +0 leather armour
 f - a +0 ring mail (worn)
 i - a +0 pair of boots (worn)
 p - a cursed +0 buckler
 t - a +0 shield
Jewellery
 q - a +4 ring of protection {unknown}
 s - an uncursed amulet of stasis {unknown}
Wands
 m - a wand of teleportation (5)
Scrolls
 r - 2 scrolls of identify {unknown}
 u - 3 scrolls of enchant armour {unknown}
Potions
 g - 3 potions of flight {unknown}
 h - a potion of brilliance {unknown}
 j - a potion of invisibility
 l - 2 potions of heal wounds {unknown}
Comestibles
 e - 5 bread rations
 k - a meat ration
 o - 4 chunks of flesh


   Skills:
 + Level 2.7 Fighting
 + Level 1.0 Polearms
 + Level 4.3 Throwing
 - Level 1.7 Dodging
 - Level 0.8 Stealth


You had 2 spell levels left.
You didn't know any spells.

Dungeon Overview and Level Annotations

Branches:
Dungeon (2/15)

Annotations:
D:2 Terence


Innate Abilities, Weirdness & Mutations

You have an increased reservoir of magic (+10% MP).
Your attributes are resistant to harm.


Message History

Eating one of 7 chunks of flesh.
This raw flesh tastes terrible.
You continue eating. x2
You see here a hand axe.
You see here a hand axe.
Terence the Incautious comes into view.
He is wielding a flail of crushing.
Terence shouts!
Terence zaps a wand.
The puff of frost hits you!
It is a wand of frost.
Attack whom?
Press: ? - help, Dir - move target cursor, f - Terence
Aim: Terence, wielding a flail of crushing, wearing a runed scale mail and carrying a wand of frost {zapped: 1} You reach to attack!
You hit Terence but do no damage.
Terence zaps a wand.
The puff of frost hits you!
* * * LOW HITPOINT WARNING * * *
You are too injured to fight recklessly!
You are too injured to fight recklessly!
Some of the chunks of flesh in your inventory have rotted away.
Terence zaps a wand.
The puff of frost hits you!
* * * LOW HITPOINT WARNING * * *
Terence zaps a wand.
The puff of frost hits you!
You die...

#.# #. #.# #( # #.#### #(
.# #....# #. ###.#
##.>..####. ##...#
#.......... ##..#
#.##.###...
####..@#########.#...##.#†
+........@..............'.
####...#########.#...##.#.
##..# #.##.###.## ##.#
#.##.# #.## #.#
#.##.###.## #.#
##.......... #.#
#.).......#. #.#
#.##..###.#. ..#
#.##......#.


You could see Terence.

Vanquished Creatures
  Ijyb (D:2)
  An adder (D:2)
  2 giant geckos (D:2)
  4 bats
  A giant cockroach (D:1)
  8 goblins
  3 hobgoblins
  A ball python (D:2)
  A giant newt (D:1)
  8 kobolds
  A rat (D:2)
31 creatures vanquished.

Notes
Turn   | Place    | Note
--------------------------------------------------------------
     0 | D:1      | Kloppie the Demigod Hunter began the quest for the Orb.
     0 | D:1      | Reached XP level 1. HP: 17/17 MP: 3/3
   875 | D:1      | Reached XP level 2. HP: 18/24 MP: 4/4
  1289 | D:2      | Reached skill level 4 in Throwing
  1483 | D:2      | Noticed Ijyb
  1514 | D:2      | Killed Ijyb
  1514 | D:2      | Reached skill level 1 in Polearms
  1514 | D:2      | Reached XP level 3. HP: 24/30 MP: 5/5
  1698 | D:2      | Noticed Terence
  1704 | D:2      | Killed from afar by Terence

Action                   || total
-------------------------++-------
Melee: Short sword       ||    29
       Spear             ||    97
Throw: Stone             ||     9
       Javelin           ||     4
  Eat: Chunk             ||     3
